 Dungeon Crawl Stone Soup version 0.30.1-4-g462c640d31 (webtiles) character file.

Game seed: 6271739431101440805

261 growler the Trooper (level 5, -4/44 HPs)
             Began as a Demonspawn Gladiator on Aug 19, 2023.
             Slain by a gnoll
             ... wielding a +0 flail
              (8 damage)
             ... on level 3 of the Dungeon.
             The game lasted 00:05:26 (2650 turns).

growler the Trooper (Demonspawn Gladiator)          Turns: 2650, Time: 00:05:26

Health: -4/44      AC:  6    Str: 14    XL:     5   Next: 96%
Magic:  5/5        EV: 12    Int: 11    God:
Gold:   124        SH:  0    Dex: 15    Spells: 4/4 levels left

rFire   . . .        a - +0 war axe
rCold   . . .        (no shield)
rNeg    . . .        b - +0 leather armour
rPois   .            c - +0 helmet
rElec   .            (no cloak)
rCorr   .            (no gloves)
SInv    .            (no boots)
Will    .....        (no amulet)
Stlth   +            (no ring)
HPRegen 0.27/turn    (no ring)
MPRegen 0.09/turn

%: no passive effects
@: no status effects
A: claws 1, sharp scales 2
a: no special abilities


You were on level 3 of the Dungeon.
You visited 1 branch of the dungeon, and saw 3 of its levels.

You collected 124 gold pieces.

Inventory:

Hand Weapons
 a - a +0 war axe (weapon)
Missiles
 d - 3 throwing nets (quivered)
 e - a javelin
Armour
 b - a +0 leather armour (worn)
 c - a +0 helmet (worn)
Scrolls
 i - a scroll of silence {unknown}
 j - 2 scrolls of teleportation {unknown}
 k - a scroll of poison {unknown}
 l - a scroll of blinking {unknown}
 n - a scroll of enchant armour {unknown}
 q - a scroll of immolation {unknown}
Potions
 f - 2 potions of degeneration {unknown}
 g - a potion of resistance
 h - 4 potions of might {unknown}
 o - a potion of flight
 p - a potion of cancellation {unknown}
 r - a potion of brilliance
 s - a potion of ambrosia {unknown}


   Skills:
 + Level 5.1 Fighting
 - Level 4.1 Axes
 - Level 1.7 Throwing
 - Level 2.6 Dodging
 + Level 0.3 Unarmed Combat


You had 4 spell levels left.
You didn't know any spells.
Your spell library contained the following spells:

 Spells                   Type           Power      Damage    Failure   Level
 Volatile Blastmotes      Fire/Tloc      0%         2d10      80%         3
 Fulminant Prism          Conj/Hex       0%         3d5       99%         4
 Iskenderun's Mystic Bla  Conj/Tloc      0%         2d3       99%         4
 Lee's Rapid Deconstruct  Erth           0%         3d4*      100%        5


Dungeon Overview and Level Annotations

Branches:
Dungeon (3/15)

Altars:

Annotations:
D:3 3 runed translucent doors, Stellion's ghost, amateur GnDe


Innate Abilities, Weirdness & Mutations

You have sharp fingernails.
You are mostly covered in razor-sharp scales. (AC +2, Slay +2)


Message History

You closely miss the gnoll.
The gnoll is moderately wounded.
The gnoll closely misses you. The gnoll hits you but does no damage.
You slash the gnoll!
You kill the gnoll!
The gnoll hits you from afar with a +0 spear. x2
The gnoll hits you with a +0 spear.
Things that are here:
a +0 club; a gnoll corpse You are too injured to fight recklessly!
You are too injured to fight recklessly!
You are too injured to fight recklessly!
You are too injured to fight recklessly!
You are too injured to fight recklessly!
You closely miss the gnoll.
The gnoll is severely wounded.
The gnoll hits you with a +0 spear.
You hit the gnoll.
The gnoll is almost dead.
The gnoll hits you with a +0 spear.
You slash the gnoll!
You kill the gnoll!
You hit the gnoll.
The gnoll is moderately wounded.
The gnoll barely misses you. The gnoll hits you with a +0 flail.
You closely miss the gnoll.
The gnoll is moderately wounded.
The gnoll hits you with a +0 flail.
An iguana comes into view.
You closely miss the gnoll.
The gnoll is moderately wounded.
The gnoll hits you with a +0 flail!
* * * LOW HITPOINT WARNING * * *
You barely miss the gnoll.
The gnoll is moderately wounded.
The gnoll hits you but does no damage. The gnoll misses you.
The gnoll attacks as you move away! The gnoll hits you with a +0 flail.
* * * LOW HITPOINT WARNING * * *
The gnoll attacks as you move away! The gnoll hits you with a +0 flail!
You die...

#.. #..## ... .
#'###### .
#l..#.###.#
#.#.#....#
#.#...##.#
#.##...#.#
#g@..#)#.#
#)###.#...## #.
######'# ## #.
#......# #..###.
#...#### #....###
#.### #
.#.###..###.###...#
..................#
##.......#.#.##...#


You could see an iguana (wandering) and a gnoll.

Vanquished Creatures
  Sigmund (D:3)
  2 gnolls (D:3)
  4 adders
  A worm (D:2)
  4 endoplasms
  A giant cockroach (D:2)
  4 hobgoblins
  5 jackals
  2 quokkas
  7 ball pythons
  4 bats (D:1)
  2 frilled lizards
  5 kobolds
  5 rats
47 creatures vanquished.

Notes
Turn   | Place    | Note
-------+----------+-------------------------------------------
     0 | D:1      | growler the Demonspawn Gladiator began the quest for the
                  | Orb.
     0 | D:1      | Reached XP level 1. HP: 16/16 MP: 1/1
   180 | D:1      | Found a faded altar of an unknown god.
   272 | D:1      | Gained mutation: You have sharp fingernails. [demonic
                  | ancestry]
   272 | D:1      | Reached XP level 2. HP: 12/23 MP: 2/2
   637 | D:1      | Reached skill level 3 in Fighting
  1144 | D:2      | Gained mutation: You are partially covered in razor-sharp
                  | scales. (AC +1, Slay +1) [demonic ancestry]
  1144 | D:2      | Reached XP level 3. HP: 29/29 MP: 3/3
  1559 | D:2      | Reached skill level 4 in Fighting
  1559 | D:2      | Gained mutation: You are mostly covered in razor-sharp
                  | scales. (AC +2, Slay +2) [demonic ancestry]
  1559 | D:2      | Reached XP level 4. HP: 24/37 MP: 4/4
  1912 | D:3      | Noticed Sigmund
  2290 | D:3      | Killed Sigmund
  2291 | D:3      | Reached skill level 5 in Fighting
  2291 | D:3      | Reached XP level 5. HP: 21/44 MP: 5/5
  2593 | D:3      | Found a runed translucent gate.
  2593 | D:3      | Found a runed translucent gate.
  2593 | D:3      | Found a runed translucent gate.
  2594 | D:3      | Noticed Stellion's ghost (amateur GnDe)
  2650 | D:3      | Slain by a gnoll

Illustrated notes

Levels and vault maps discovered:
D:1:      spicycebolla_green_bress_n_ham_2, layout_basic,
          hellmonk_ecumenical_altar_pennies_from_heaven,
          kennysheep_another_room, hangedman_decor_riveting
D:2:      layout_basic
D:3:      layout_loops_cross, mainiacjoe_overflow_six_doors_small,
          mainiacjoe_overflow_swirl, serial_rivers,
          chequers_serial_rivers_micro_c, chequers_serial_rivers_room_b,
          chequers_serial_rivers_small_a, chequers_serial_rivers_small_a,
          chequers_serial_rivers_micro_b, chequers_serial_rivers_room_a,
          ebering_ghost_rock_garden, uniq_natasha, uniq_sigmund

Skill      XL: |  1  2  3  4 |
---------------+-------------+-----
Fighting       | 3 4 5 |  5.1
Axes           | 3 4 |  4.1
Throwing       | |  1.7
Dodging        | |  2.6
Unarmed Combat | |  0.3

Action                     |  1- 3 |  4- 6 || total
---------------------------+-------+-------++-------
  Melee: War axe           |    77 |    46 ||   123
  Throw: Throwing net      |       |     3 ||     3
    Use: Scroll            |       |     2 ||     2
   Stab: Sleeping          |       |     1 ||     1
 Armour: Leather armour    |    31 |    13 ||    44
  Dodge: Dodged            |    66 |    32 ||    98
